 Dungeon Crawl Stone Soup version 0.23.0 (webtiles) character file.

Game seed: 8022023032821164799

1759 CyclopB the Basher (level 9, -3/93 HPs)
             Began as an Ogre Monk on Feb 9, 2019.
             Slain by a green ugly thing (5 damage)
             ... on level 8 of the Dungeon.
             The game lasted 00:27:55 (5009 turns).

CyclopB the Basher (Ogre Monk)                      Turns: 5009, Time: 00:27:56

Health: -3/93      AC:  6    Str: 19    XL:     9   Next: 7%
Magic:  9/9        EV: 10    Int: 12    God:
Gold:   269        SH:  0    Dex:  9    Spells: 8/8 levels left

rFire    . . .     SeeInvis .   w - +5 mace (holy)
rCold    . . .     Gourm    .   (no shield)
rNeg     + . .     Faith    .   b - +2 robe {rN+}
rPois    .         Spirit   .   (helmet restricted)
rElec    .         Reflect  .   j - +0 cloak
rCorr    .         Harm     .   (gloves unavailable)
MR       .....     Rnd*Tele +   (boots unavailable)
Stlth    +.........             (no amulet)
HPRegen  0.25/turn              g - ring of teleportation (curse)
MPRegen  0.11/turn              (no ring)

@: lethally poisoned (-3 -> -17)
A: large, unfitting armour, talons 1, clumsy 1, screaming 1, tough skin 1, wild
magic 1
a: no special abilities


You were on level 8 of the Dungeon.
You were not hungry.

You visited 2 branches of the dungeon, and saw 9 of its levels.

You collected 269 gold pieces.

Inventory:

Hand Weapons
 k - a +0 flail of protection
 n - a +0 giant club
 w - a +5 mace of holy wrath (weapon)
 A - the +7 long sword "Muwkoud" {slice, rElec MR+++ Dex+4}
   (You found it on level 6 of the Dungeon)

   It inflicts extra damage upon your enemies.
   It affects your dexterity (+4).
   It insulates you from electricity.
   It affects your resistance to hostile enchantments.
 B - a +0 giant spiked club
Missiles
 f - 156 stones
 u - 5 tomahawks (quivered)
Armour
 b - a +2 robe of positive energy (worn)
 j - a +0 cloak (worn)
 z - a +0 robe of magic resistance
Magical Staves
 a - an uncursed staff of summoning
Jewellery
 g - a cursed ring of teleportation (left hand)
Wands
 r - a wand of iceblast (2)
 y - a wand of polymorph (5)
 D - a wand of flame (15)
Scrolls
 d - 3 scrolls of identify
 i - a scroll of random uselessness {unknown}
 l - 2 scrolls of enchant armour
 m - a scroll of magic mapping
 o - a scroll of fog {unknown}
 t - a scroll of teleportation {unknown}
 x - a scroll of remove curse {unknown}
Potions
 e - a potion of cancellation
 v - a potion of curing
Comestibles
 c - 4 rations
 C - 12 chunks of flesh


   Skills:
 + Level 7.5 Fighting
 * Level 9.8 Maces & Flails
 - Level 2.6 Dodging
 - Level 1.4 Stealth
 + Level 0.2 Evocations


You had 8 spell levels left.
You didn't know any spells.
Your spell library was empty.

Dungeon Overview and Level Annotations

Branches:
Dungeon (8/15)             Temple (1/1) D:4
   Lair: D:8-11

Altars:
Ashenzari
Cheibriados
Elyvilon
Fedhas
Gozag
Hepliaklqana
Kikubaaqudgha
Makhleb
Nemelex Xobeh
Okawaru
Qazlal
Ru
Uskayaw
Vehumet
Wu Jian
Yredelemnul
Lugonu

Shops:
D:8 :

Annotations:
D:2 Natasha
D:3 1 runed translucent door, TheGoonsmith's ghost, amateur TeEn
D:4 exclusions: door, ogre, orc and orc priest
D:7 Pikel


Innate Abilities, Weirdness & Mutations

You are too large for most types of armour.
You have tough skin. (AC +1)
You have sharp toenails.
You are clumsy. (Dex -2)
You occasionally shout uncontrollably at your foes.
Your spells are a little harder to cast, but a little more powerful.


Message History

The green ugly thing tail-slaps you!
* * * LOW HITPOINT WARNING * * *
You sock the green ugly thing! Your kick misses the green ugly thing.
The green ugly thing is moderately wounded.
The green ugly thing barely misses you.
You thump the green ugly thing!
The green ugly thing is moderately wounded.
The green ugly thing tail-slaps you!
* * * LOW HITPOINT WARNING * * *
You are lethally poisoned!
The green ugly thing poisons you!
You closely miss the green ugly thing. Your kick misses the green ugly thing.
The green ugly thing is moderately wounded.
* * * LOW HITPOINT WARNING * * *
You feel sick.
You barely miss the green ugly thing.
The green ugly thing is moderately wounded.
* * * LOW HITPOINT WARNING * * *
You feel sick. The green ugly thing tail-slaps you.
You die...

..#######...#,*
**,**#..#
...........##.####,**
##.##
..########........#*
##.# ..# #.##.##*#.#*
##(## ..# #.##.#
*#.###(##
..########.##.# *#o#)##
..##...,...##.# *#.##
+###.#####.##.#######)#
∩'.............u@.....#
+#.........##.#########
....#####.###.# ....#
#.# #.# ...######.# #.#
)<.[).....# #.#
..#########*#.#
......,,,,,,./#
######*********


You could see a green ugly thing.

Vanquished Creatures
  A blink frog (D:8)
  A steam dragon (D:8)
  Edmund (D:4)
  2 ogres
  A centaur (D:6)
  3 bullfrogs
  A wyvern zombie (D:6)
  A water moccasin skeleton (D:6)
  5 wights (D:6)
  A crimson imp (D:6)
  A centaur zombie (D:6)
  A bullfrog zombie (D:6)
  6 orc priests
  An iguana (D:6)
  Natasha (D:2)
  Terence (D:2)
  A worker ant (D:6)
  7 adders
  An ooze (D:1)
  3 worms
  3 dart slugs
  3 leopard geckos (D:4)
  21 orcs
  2 ball pythons
  6 bats
  5 giant cockroaches
  2 hobgoblins (D:1)
  9 jackals
  A quokka (D:3)
  2 ball python skeletons (D:4)
  7 frilled lizards
  3 goblins
  A jackal skeleton (D:6)
  6 kobolds
  A leopard gecko skeleton (D:5)
  A quokka skeleton (D:4)
  A quokka zombie (D:6)
  3 rats
117 creatures vanquished.

Vanquished Creatures (others)
  An adder (D:8)
1 creature vanquished.

Grand Total: 118 creatures vanquished

Notes
Turn   | Place    | Note
-------+----------+-------------------------------------------
     0 | D:1      | CyclopB the Ogre Monk began the quest for the Orb.
     0 | D:1      | Reached XP level 1. HP: 24/24 MP: 1/1
    97 | D:1      | Reached skill level 3 in Maces & Flails
    97 | D:1      | Reached XP level 2. HP: 27/32 MP: 2/2
   516 | D:2      | Noticed Terence
   533 | D:1      | Reached XP level 3. HP: 22/40 MP: 3/3
  1027 | D:2      | Found a hide-covered altar of Uskayaw.
  1027 | D:2      | Noticed a -2 dagger
  1027 | D:2      | Noticed a +0 hand axe
  1061 | D:2      | Reached XP level 4. HP: 48/49 MP: 4/4
  1133 | D:2      | Reached skill level 4 in Maces & Flails
  1282 | D:2      | Killed Terence
  1369 | D:2      | Noticed Natasha
  1465 | D:2      | Killed Natasha
  1465 | D:2      | Reached skill level 5 in Fighting
  1491 | D:2      | Reached XP level 5. HP: 57/57 MP: 5/5
  1821 | D:3      | Found a white marble altar of Elyvilon.
  2153 | D:3      | Noticed a water elemental
  2154 | D:3      | Found a stormy altar of Qazlal.
  2155 | D:3      | Noticed a fire elemental
  2155 | D:3      | Noticed an air elemental
  2189 | D:3      | Found a faded altar of an unknown god.
  2226 | D:3      | Found a runed translucent door.
  2233 | D:3      | Noticed TheGoonsmith's ghost (amateur TeEn)
  2302 | D:3      | Reached skill level 5 in Maces & Flails
  2355 | D:2      | Noticed Natasha
  2736 | D:4      | Noticed Edmund
  2737 | D:4      | Gained mutation: You occasionally shout uncontrollably at
                  | your foes. [potion of mutation]
  2737 | D:4      | Gained mutation: You are clumsy. (Dex -2) [potion of
                  | mutation]
  2737 | D:4      | Gained mutation: Your spells are a little harder to cast,
                  | but a little more powerful. [potion of mutation]
  2737 | D:4      | Gained mutation: You have sharp toenails. [potion of
                  | mutation]
  2751 | D:4      | Killed Edmund
  2751 | D:4      | Reached XP level 6. HP: 56/66 MP: 6/6
  2948 | D:5      | Entered Level 5 of the Dungeon
  2948 | D:5      | Noticed a necrophage
  2948 | D:5      | Noticed a water moccasin
  3310 | D:4      | Reached skill level 6 in Maces & Flails
  3324 | D:4      | Found a staircase to the Ecumenical Temple.
  3336 | Temple   | Entered the Ecumenical Temple
  3430 | D:5      | Found a hazy altar of Hepliaklqana.
  3432 | D:5      | Found a burning altar of Makhleb.
  3589 | D:6      | Reached XP level 7. HP: 57/74 MP: 7/7
  3737 | D:6      | Found a shattered altar of Ashenzari.
  3812 | D:6      | Reached skill level 7 in Maces & Flails
  3866 | D:6      | Got a bloodstained long sword
  3867 | D:6      | Identified the +7 long sword "Muwkoud" {slice, rElec MR+++
                  | Dex+4} (You found it on level 6 of the Dungeon)
  3977 | D:6      | Reached XP level 8. HP: 66/83 MP: 8/8
  4028 | D:6      | Reached skill level 8 in Maces & Flails
  4046 | D:6      | Found an opulent altar of Gozag.
  4209 | D:6      | Found a sparkling altar of Nemelex Xobeh.
  4764 | D:7      | Found a blossoming altar of Fedhas.
  4764 | D:7      | Noticed Pikel
  4792 | D:8      | Reached skill level 9 in Maces & Flails
  4857 | D:8      | Noticed a red ugly thing
  4865 | D:8      | Found Omaegal's Book Shoppe.
  4968 | D:8      | Noticed a blink frog
  4968 | D:8      | a tengu changed into a blink frog
  4999 | D:8      | Killed a blink frog
  4999 | D:8      | Reached XP level 9. HP: 19/93 MP: 9/9
  5008 | D:8      | HP: 4/93 [poisoned by a green ugly thing]
  5009 | D:8      | Slain by a green ugly thing

Skill      XL: |  1  2  3  4  5  6  7  8 |
---------------+-------------------------+-----
Maces & Flails | 3 4 5 6 7 9 |  9.8
Fighting       | 5 6 7 |  7.5
Dodging        | |  2.6
Stealth        | |  1.4
Evocations     | |  0.2

Action                   |  1- 3 |  4- 6 |  7- 9 || total
-------------------------+-------+-------+-------++-------
Melee: Mace              |    67 |   211 |   127 ||   405
       Kick              |       |     9 |    20 ||    29
Throw: Stone             |    16 |    74 |    35 ||   125
       Tomahawk          |       |     6 |     4 ||    10
Evoke: Wand              |       |       |    10 ||    10
  Use: Potion            |       |     3 |     3 ||     6
       Scroll            |       |     1 |     7 ||     8
 Stab: Sleeping          |     1 |     4 |       ||     5
  Eat: Chunk             |     1 |     8 |     1 ||    10
       Ration            |       |       |     1 ||     1
Armor: Robe              |    33 |    41 |    21 ||    95
Dodge: Dodged            |    39 |    93 |    54 ||   186
